 Dungeon Crawl Stone Soup version 0.31.0-11-ge490571c62 (webtiles) character file.

Game seed: 4642414554057571653

178 Flugkiller the Trooper (level 5, 48/48 HPs)
             Began as a Minotaur Fighter on Jan 29, 2024.
             Was a Plaything of Xom.
             Quit the game on level 3 of the Dungeon.
             The game lasted 00:00:58 (2138 turns).

Flugkiller the Trooper (Minotaur Fighter)           Turns: 2138, Time: 00:00:59

Health: 48/48      AC:  7    Str: 22    XL:     5   Next: 32%
Magic:  4/4        EV:  9    Int:  5    God:    Xom [..*...]
Gold:   159        SH:  4    Dex: 10    Spells: 4/4 levels left

rFire   . . .        a - +0 war axe
rCold   . . .        c - +0 buckler
rNeg    . . .        b - +0 scale mail
rPois   .            (helmet restricted)
rElec   .            m - scarf {repulsion}
rCorr   .            (no gloves)
SInv    .            (no boots)
Will    .....        (no amulet) Stlth
                     (no ring)
HPRegen 0.28/turn    (no ring)
MPRegen 0.09/turn

%: repel missiles
@: no status effects
A: horns 2, retaliatory headbutt
a: Renounce Religion


You were on level 3 of the Dungeon.
You worshipped Xom.
You were a toy of Xom.
You visited 1 branch of the dungeon, and saw 3 of its levels.

You collected 159 gold pieces.

Inventory:

Hand Weapons
 a - a +0 war axe (weapon)
Armour
 b - a +0 scale mail (worn)
 c - a +0 buckler (worn)
 m - a scarf of repulsion (worn)
   (You found it on level 3 of the Dungeon)
Scrolls
 e - a scroll of identify {unknown}
 g - 3 scrolls of noise {unknown}
 j - a scroll of vulnerability {unknown}
 k - a scroll of brand weapon {unknown}
 l - a scroll of teleportation {unknown}
Potions
 d - a potion of might
 f - a potion of attraction {unknown}
 h - a potion of haste {unknown}
 i - a potion of resistance {unknown}
 n - a potion of degeneration {unknown}
 w - 5 potions of heal wounds


   Skills:
 * Level 5.2 Fighting
 * Level 4.3 Axes
 + Level 4.3 Armour
 + Level 4.4 Shields


You had 4 spell levels left.
You didn't know any spells.
Your spell library was empty.

Dungeon Overview and Level Annotations

Branches:
Dungeon (3/15)

Altars:
Nemelex Xobeh
Xom


Innate Abilities, Weirdness & Mutations

You have a pair of horns on your head.
You reflexively headbutt those who attack you in melee.


Message History

Pain shoots through your body!
You have reached level 5!
It was a potion of heal wounds.
You feel much better.
w - a potion of heal wounds You hit the orc priest.
The orc priest is moderately wounded.
You closely miss the orc priest. Your headbutt misses the orc priest.
The orc priest is moderately wounded.
The orc priest misses you. You block the orc's attack.
The orc priest hits you but does no damage.
You slash the orc priest!
The orc priest is almost dead.
You closely miss the orc. The orc hits you with a +0 short sword.
The orc priest closely misses you. You furiously retaliate!
You headbutt the orc priest.
You kill the orc priest!
You hit the orc but do no damage. You headbutt the orc!
You kill the orc!
You barely miss the orc. The orc hits you but does no damage.
The orc hits you with a +0 dagger.
You slash the orc!
You kill the orc!
You barely miss the rat. Your headbutt misses the rat.
You block the rat's attack.
You hit the rat but do no damage. The rat completely misses you.
You slash the rat!
You kill the rat!
The orc hits you with a +0 dagger.
You barely miss the orc. You headbutt the orc.
The orc is heavily wounded.
The orc hits you but does no damage.
You slash the orc!
You kill the orc!
No target in view!
No target in view!
Things that are here:
a +0 mace; an orc corpse
Items here: )))) †††.
i - a sedimented blue potion
Items here: )))) †††.
You now have 127 gold pieces (gained 9).
You now have 135 gold pieces (gained 8).
w - 2 potions of heal wounds (gained 1)
Found a ring mail.
w - 5 potions of heal wounds (gained 3)
Found a leather armour.
An endoplasm comes into view.
The endoplasm quivers.
The endoplasm hits you but does no damage.
You hit the endoplasm.
The endoplasm is severely wounded.
The endoplasm misses you.
The endoplasm hits you but does no damage.
You barely miss the endoplasm. You headbutt the endoplasm.
You kill the endoplasm!
No target in view!
No target in view!
No target in view!
No target in view!
You see here a +0 leather armour.
Found a stone staircase leading up.
No target in view!
You now have 149 gold pieces (gained 14).
Found 6 stones.
You see here 6 stones.
An endoplasm comes into view.
The endoplasm quivers.
The endoplasm jiggles.
The endoplasm barely misses you. You furiously retaliate!
You headbutt the endoplasm.
You kill the endoplasm!
You now have 159 gold pieces (gained 10).
No target in view!
No target in view!
No target in view!
No target in view!
No target in view!
No target in view!
You enter the shallow water.
Moving in this stuff is going to be slow.
A hobgoblin comes into view.
The hobgoblin shouts!
Found 16 gold pieces.
A hobgoblin is nearby!
A hobgoblin is nearby!
You hit the hobgoblin but do no damage. You headbutt the hobgoblin.
You kill the hobgoblin!
No target in view!
No target in view!
No target in view!
No target in view!
No target in view!
There is a stone staircase leading down here.
You open the door.
There is an open door here.
There is a faded altar of an unknown god here.
This altar belongs to (a) Xom, (b) Okawaru or (c) Zin, but you can't tell which.
Press the corresponding letter to learn more about a god, or press enter to convert or escape to cancel.
Xom accepts your prayer! Xom welcomes you!
Xom is very intrigued!
Are you sure you want to abandon this character and quit the game? (Confirm with "yes".)

..##.)......+.......#.#..##.#####
.#..#)##..###...#...#.#.###......
##..#.###..##..~~~..#.#.# #######
..###.####..~≈≈~~≈~~#.#.#
#..##.##...~~≈≈≈~≈≈≈~.#.#
#.#.#.##...≈≈~≈≈≈≈≈≈~...# ..#
#.##..≈≈≈≈#####~#.####$#
.#..#.##..~≈≈≈#...#..>.....#
##..#.#...~≈≈≈#.@.'.....#..... #
###.#.##≈≈≈≈#...#.#.#.# ### #
#.##≈≈≈≈#####.#.#.# #
#.###≈≈≈≈≈≈≈≈~~.#.. #.#
≈≈≈≈≈≈≈≈≈≈≈.... #.#
##≈≈≈≈≈~~≈.#.#.# ### #.#
###≈≈~~.#.#.#.# ... #.# ###.#.#.#
### #.#


There were no monsters in sight!

Vanquished Creatures
  A bombardier beetle (D:3)
  An orc priest (D:3)
  Jessica (D:2)
  2 adders
  A dart slug (D:2)
  8 orcs
  8 ball pythons
  6 bats
  7 endoplasms
  3 giant cockroaches
  5 goblins
  4 hobgoblins
  4 kobolds
  3 frilled lizards
  7 rats
61 creatures vanquished.

Notes
Turn   | Place    | Note
-------+----------+-------------------------------------------
     0 | D:1      | Flugkiller the Minotaur Fighter began the quest for the
                  | Orb.
     0 | D:1      | Reached XP level 1. HP: 19/19 MP: 0/0
   173 | D:1      | Reached XP level 2. HP: 27/27 MP: 1/1
   230 | D:1      | Reached skill level 4 in Fighting
   597 | D:1      | Reached XP level 3. HP: 33/33 MP: 2/2
  1180 | D:2      | Found a sparkling altar of Nemelex Xobeh.
  1191 | D:2      | Noticed Jessica
  1199 | D:2      | Killed Jessica
  1200 | D:2      | Reached XP level 4. HP: 34/41 MP: 3/3
  1244 | D:2      | Identified the +0 scale mail of Jigsaw {Fly}
  1648 | D:3      | Reached skill level 5 in Fighting
  1755 | D:3      | Found a faded altar of an unknown god.
  1768 | D:3      | Reached XP level 5. HP: 35/48 MP: 4/4
  2137 | D:3      | Prayed at the altar of an unknown god.
  2137 | D:3      | Became a worshipper of Xom of Chaos
  2138 | D:3      | Quit the game

Illustrated notes

Levels and vault maps discovered:
D:1:      dpeg_arrival_triangle_fractal, layout_loops_cross,
          minmay_misc_feat_room
D:2:      layout_rooms, basic_altar, kennysheep_generic_room_8, uniq_jessica
D:3:      layout_basic, nicolae_ecumenical_lake_church, nicolae_eternal_life

Skill      XL: |  1  2  3  4 |
---------------+-------------+-----
Fighting       | 4 5 |  5.2
Axes           | 3 4 |  4.3
Shields        | 4 |  4.4
Armour         | 4 |  4.3

Action                     |  1- 3 |  4- 6 || total
---------------------------+-------+-------++-------
  Melee: War axe           |    80 |    38 ||   118
         Headbutt          |     9 |     7 ||    16
    Use: Potion            |       |     1 ||     1
 Armour: Scale mail        |    50 |    21 ||    71
  Dodge: Dodged            |    34 |    15 ||    49
  Block: Buckler           |    20 |     7 ||    27
